 Dungeon Crawl Stone Soup version 0.20.0-6-gd3061e9 (webtiles) character file.

2751 dorian the Destroyer (level 9, -3/51 HPs)
             Began as an Octopode Conjurer on May 28, 2017.
             Slain by a wyvern (12 damage)
             ... on level 8 of the Dungeon.
             The game lasted 00:27:27 (9098 turns).

dorian the Destroyer (Octopode Conjurer)            Turns: 9098, Time: 00:27:27

Health: -3/51      AC:  1    Str:  7      XL:     9   Next: 68%
Magic:  15/18      EV: 15    Int: 21 (22) God:
Gold:   434        SH:  0    Dex: 13      Spells: 13/20 levels left

rFire    . . .     SeeInvis +   t - +3 dagger (elec)
rCold    . . .     Gourm    +   (no shield)
rNeg     . . .     Faith    .   (helmet restricted)
rPois    +         Spirit   .   w - amulet of the gourmand
rElec    .         Reflect  .   h - ring of see invisible
rCorr    .         Harm     .   i - ring of stealth
MR       .....                  G - ring of poison resistance
Stlth    ++++......             (no ring)
Regen    0.2/turn               (no ring)
MPRegen  0.2/turn               (no ring)
                                (no ring)
                                (no ring)

@: no status effects
A: almost no armour, stealthy swim, amphibious, 8 rings, constrict 8, repulsion
field 1, camouflage 1, blurry vision 1, clever 1, deterioration 1, gelatinous
body 1, MP-powered wands
a: no special abilities


You were on level 8 of the Dungeon.
You were completely stuffed.

You visited 2 branches of the dungeon, and saw 9 of its levels.

You collected 434 gold pieces.

Inventory:

Hand Weapons
 t - a +3 dagger of electrocution (weapon)
 y - a +5 club
Magical Staves
 I - an uncursed staff of fire
Jewellery
 e - an uncursed amulet of faith
 h - a ring of see invisible (left tentacle)
 i - a ring of stealth (right tentacle)
 w - an amulet of the gourmand (around mantle)
 D - an uncursed ring of teleportation
 G - a ring of poison resistance (on tentacle)
Wands
 C - a wand of paralysis (13/24)
 F - a wand of enslavement (8/24)
 H - a wand of enslavement (15/24)
 J - a wand of digging (11/24)
 K - a wand of polymorph (14/24)
Scrolls
 d - 4 scrolls of teleportation
 f - 6 scrolls of identify
 j - a scroll of silence {unknown}
 k - a scroll of recharging
 l - a scroll of fog
 p - a scroll of immolation
 q - a scroll of enchant weapon
 x - a scroll of magic mapping
 E - a scroll of amnesia
 L - 2 scrolls of remove curse
Potions
 g - 2 potions of flight
 m - a potion of might
 o - a potion of degeneration
 r - a potion of invisibility
 s - 2 potions of heal wounds
 z - 2 potions of haste
 A - a potion of curing
Books
 a - a book of Conjurations

   Spells                             Type                      Level
   a - Magic Dart                     Conjuration                  1
   b - Searing Ray                    Conjuration                  2
   c - Dazzling Spray                 Conjuration/Hexes            3
   d - Fulminant Prism                Conjuration/Hexes            4
   e - Force Lance                    Conjuration/Translocation    4
   f - Iskenderun's Mystic Blast      Conjuration                  4
 v - a book of Frost

   Spells                             Type                      Level
   a - Freeze                         Ice                          1
   b - Throw Frost                    Conjuration/Ice              2
   c - Ozocubu's Armour               Charms/Ice                   3
   d - Throw Icicle                   Conjuration/Ice              4
   e - Summon Ice Beast               Ice/Summoning                4
Comestibles
 b - 4 bread rations
 c - a meat ration
 n - 4 royal jellies
 u - 6 fruits
 B - a chunk of flesh


   Skills:
 - Level 2.0 Dodging
 - Level 2.6 Stealth
 + Level 6.0 Spellcasting
 + Level 10.4 Conjurations
 + Level 5.9 Translocations


You had 13 spell levels left.
You knew the following spells:

 Your Spells              Type           Power        Failure   Level  Hunger
a - Magic Dart            Conj           ####         1%          1    None
b - Searing Ray           Conj           ######       1%          2    None
c - Force Lance           Conj/Tloc      #####...     3%          4    ####...


Dungeon Overview and Level Annotations

Branches:
Dungeon (8/15)             Temple (1/1) D:6
   Lair: D:8-11

Altars:
Ashenzari
Cheibriados
Dithmenos
Elyvilon
Fedhas
Gozag
Hepliaklqana
Kikubaaqudgha
Makhleb
Nemelex Xobeh
Okawaru
Qazlal
Ru
Sif Muna
Trog
Uskayaw
Xom
Yredelemnul
Zin
The Shining One
Beogh

Annotations:
D:7 Joseph


Innate Abilities, Weirdness & Mutations

You cannot wear most types of armour.
You are very stealthy in the water. (Stealth+)
You are amphibious.
You can wear up to eight rings at the same time.
You can use your tentacles to constrict eight enemies at once.
Your skin changes colour to match your surroundings (Stealth+).
Your rubbery body absorbs attacks. (AC +1, EV +1)
You are surrounded by a mild repulsion field. (EV +2)
Scrolls take you a little longer to read.
Your mind is acute. (Int +2)
Your body sometimes deteriorates upon taking damage.
You expend magic power (3 MP) to strengthen your wands.


Message History

The wyvern hisses angrily.
The wyvern bites you. The wyvern completely misses you.
The wyvern bites you! x2
Your body deteriorates!
You feel dopey.
The wyvern bites you but does no damage.
The wyvern bites you. The wyvern bites you! The wyvern bites you!
You turn to flesh and can move again.
Unknown command.
Evoke which item? (* to show all) (? for menu, Esc to quit)
Aiming: Paralyse (will waste charges)
Press: ? - help, Shift-Dir - straight line, f - wyvern
Aim: a wyvern (chance to defeat MR: 50%)
The wyvern resists with some effort.
Evoking this partially-identified wand wasted a few charges.
The wyvern bites you!
* * * LOW HITPOINT WARNING * * *
The wyvern bites you!
You die...

####################### #
### .#. ##### ..## .l.#
#####...#### ### #.##.....
.....###...###
#####.####../..... ####.#
####..###.##.#............
###
##....###.....รท..###%#.
##...@ll....##.#.# #
#######.####..### ### ####


You could see a basilisk and a wyvern.

Vanquished Creatures
  A hippogriff (D:4)
  A wyvern (D:8)
  A steam dragon (D:6)
  A swamp drake (D:8)
  A black bear (D:7)
  A sky beast (D:6)
  An ice beast (D:5)
  A phantom (D:5)
  A centaur (D:7)
  3 ogres
  2 scorpions
  4 wights (D:6)
  2 howler monkeys
  A centaur zombie (D:7)
  A crimson imp (D:6)
  3 centaur skeletons
  3 hounds
  4 orc priests
  6 orc wizards
  Ijyb (D:3)
  Terence (D:2)
  3 iguanas
  4 worker ants
  Natasha (twice) (D:2)
  A howler monkey zombie (D:6)
  Robin (D:2)
  A worker ant zombie (D:5)
  3 gnolls
  11 adders
  A shadow imp (D:6)
  An adder zombie (D:5)
  An adder skeleton (D:5)
  4 worms
  A dart slug (D:3)
  4 leopard geckos
  28 orcs
  6 bats
  6 giant cockroaches
  12 goblins
  14 hobgoblins
  8 jackals
  3 quokkas
  A ball python skeleton (D:4)
  3 frilled lizards
  A jackal skeleton (D:5)
  12 kobolds
  5 rats
177 creatures vanquished.

Notes
Turn   | Place    | Note
-------+----------+-------------------------------------------
     0 | D:1      | dorian the Octopode Conjurer began the quest for the Orb.
     0 | D:1      | Reached XP level 1. HP: 11/11 MP: 3/3
   184 | D:1      | Reached XP level 2. HP: 17/17 MP: 3/5
   492 | D:1      | Reached XP level 3. HP: 12/21 MP: 0/7
   792 | D:1      | Learned a level 2 spell: Searing Ray
  1374 | D:2      | Reached skill level 5 in Conjurations
  1374 | D:2      | Reached XP level 4. HP: 20/27 MP: 0/8
  1768 | D:2      | Noticed Natasha
  1772 | D:2      | Killed Natasha
  1988 | D:2      | Reached XP level 5. HP: 18/31 MP: 1/9
  2040 | D:2      | Noticed Robin
  2165 | D:2      | Found an iron altar of Okawaru.
  2249 | D:2      | Killed Robin
  2343 | D:2      | Noticed Natasha
  2349 | D:2      | Killed Natasha
  2349 | D:2      | Reached skill level 6 in Conjurations
  2473 | D:2      | Noticed Terence
  2492 | D:2      | Killed Terence
  2967 | D:3      | Found a basalt altar of Yredelemnul.
  3013 | D:3      | Reached XP level 6. HP: 36/36 MP: 8/10
  3311 | D:3      | Noticed Ijyb
  3315 | D:3      | Paralysed by Ijyb for 5 turns
  3324 | D:3      | Killed Ijyb
  3324 | D:3      | Reached skill level 7 in Conjurations
  3556 | D:3      | Found a roughly hewn altar of Beogh.
  3896 | D:4      | Noticed a hippogriff
  3906 | D:4      | Killed a hippogriff
  3906 | D:4      | Reached skill level 8 in Conjurations
  3906 | D:4      | Reached XP level 7. HP: 41/41 MP: 11/11
  4045 | D:4      | Found a blossoming altar of Fedhas.
  4067 | D:4      | Learned a level 4 spell: Force Lance
  4089 | D:4      | Reached skill level 1 in Translocations
  4265 | D:5      | Entered Level 5 of the Dungeon
  4812 | D:4      | Reached XP level 8. HP: 46/46 MP: 5/13
  4936 | D:5      | Reached skill level 9 in Conjurations
  5257 | D:5      | Found a sparkling altar of Nemelex Xobeh.
  5278 | D:5      | Found a deep blue altar of Sif Muna.
  5825 | D:5      | Found a hazy altar of Hepliaklqana.
  6034 | D:5      | Found a burning altar of Makhleb.
  6034 | D:5      | Found a bloodstained altar of Trog.
  6787 | D:6      | Found a staircase to the Ecumenical Temple.
  6799 | Temple   | Entered the Ecumenical Temple
  6898 | D:6      | Gained mutation: You expend magic power (3 MP) to strengthen your wands. [mutagenic meat]
  6899 | D:6      | Gained mutation: Scrolls take you a little longer to read. [mutagenic meat]
  6900 | D:6      | Gained mutation: Your body sometimes deteriorates upon taking damage. [mutagenic meat]
  6901 | D:6      | Gained mutation: Your mind is acute. (Int +2) [mutagenic meat]
  6903 | D:6      | Gained mutation: You are surrounded by a mild repulsion field. (EV +2) [mutagenic meat]
  7036 | D:6      | Reached XP level 9. HP: 49/51 MP: 11/16
  7049 | D:6      | Reached skill level 5 in Spellcasting
  7731 | D:6      | Reached skill level 10 in Conjurations
  7765 | D:6      | Reached skill level 5 in Translocations
  8094 | D:7      | Found a hide-covered altar of Uskayaw.
  8175 | D:7      | Noticed Joseph
  8617 | D:7      | Found a shattered altar of Ashenzari.
  9098 | D:8      | Slain by a wyvern

Skill      XL: |  1  2  3  4  5  6  7  8  9 |
---------------+----------------------------+-----
Conjurations   | 5 6 8 9 10 | 10.4
Spellcasting   | 3 4 6 |  6.0
Translocations | 1 4 5 |  5.9
Dodging        | |  2.0
Stealth        | |  2.6

Action                   |  1- 3 |  4- 6 |  7- 9 || total
-------------------------+-------+-------+-------++-------
Melee: Unarmed           |     5 |     4 |       ||     9
       Constrict         |     2 |     5 |     4 ||    11
       Dagger            |       |    20 |    20 ||    40
       Tentacles         |       |     3 |     3 ||     6
 Cast: Magic Dart        |    61 |    90 |   140 ||   291
       Searing Ray       |     2 |    13 |    56 ||    71
       Force Lance       |       |       |     5 ||     5
Evoke: Wand              |       |     5 |     2 ||     7
  Use: Scroll            |       |       |    17 ||    17
       Potion            |       |       |     5 ||     5
 Stab: Paralysed         |       |     7 |     1 ||     8
       Sleeping          |       |       |     1 ||     1
  Eat: Chunk             |     2 |     8 |    28 ||    38
       Meat ration       |       |       |     1 ||     1
Armor: Skin              |       |     5 |     3 ||     8
Dodge: Dodged            |     6 |    28 |    51 ||    85
